 Dungeon Sprint DCSS version 0.19-a0-996-g3cba913 (webtiles) character file.

1778 Musica the Imperceptible (level 8, -18/37 HPs)
             Began as a Spriggan Assassin on July 18, 2016.
             Was an Initiate of Hepliaklqana.
             Demolished by an ice devil (22 damage)
             ... summoned by a kobold demonologist
             ... in the Dungeon (Sprint I: "Red Sonja").
             The game lasted 00:05:03 (400 turns).

Musica the Imperceptible (Spriggan Assassin)         Turns: 400, Time: 00:05:04

Health: -18/37     AC:  7    Str:  7    XL:     8   Next: 81%
Magic:  9/9        EV: 16    Int: 13    God:    Hepliaklqana [......]
Gold:   354        SH:  0    Dex: 19    Spells: 0 memorised, 7 levels left

rFire  . . .     SeeInvis +     a - +2 dagger
rCold  . . .     Gourm    .     o - +0 troll leather armour
rNeg   . . .     Faith    .     (shield restricted)
rPois  +         Spirit   .     (helmet restricted)
rElec  .         Dismiss  .     q - +2 cloak {rPois}
rCorr  .         Reflect  .     (gloves unavailable)
SustAt .         Harm     .     (boots unavailable)
MR     +....     NoTele   +     (no amulet)
Stlth  +++++++++.               (no ring)
                                (no ring)

@: very quick, somewhat resistant to hostile enchantments, incredibly stealthy
A: unfitting armour, see invisible, herbivore 3, speed 3, slow metabolism 2
a: Recall Ancestor, Ancestor Identity, Renounce Religion


You were in the Dungeon.
You worshipped Hepliaklqana.
Hepliaklqana was noncommittal.
You were not hungry.

You visited 1 branch You collected 621 gold pieces.
You spent 267 gold pieces at shops.

Inventory:

Hand Weapons
 a - a +2 dagger (weapon)
 b - a +0 blowgun
Missiles
 e - 5 poisoned needles
 f - 8 curare-tipped needles
Armour
 o - a +0 troll leather armour (worn)
 q - a +2 cloak of poison resistance (worn)
Scrolls
 m - a scroll of blinking
 n - a scroll of identify {unknown}
Potions
 h - a potion of curing
 i - a potion of heal wounds
 j - a potion of haste
 k - 2 potions of magic
Comestibles
 g - a bread ration


   Skills:
 - Level 1.5 Fighting
 + Level 7.1 Short Blades
 + Level 9.5 Throwing
 - Level 1.5 Dodging
 + Level 22.6 Stealth


You had 7 spell levels left.
You didn't know any spells.

Dungeon Overview and Level Annotations

Branches:
Dungeon (1/1)

Altars:
Cheibriados
Dithmenos
Elyvilon
Fedhas
Gozag
Hepliaklqana
Kikubaaqudgha
Makhleb
Nemelex Xobeh
Okawaru
Pakellas
Qazlal
Ru
Sif Muna
Trog
Uskayaw
Vehumet
Xom
Yredelemnul
Zin
The Shining One
Jiyva

Shops:
D ?*[


Innate Abilities, Weirdness & Mutations

You are tiny and cannot use many weapons and most armour.
You have supernaturally acute eyesight. (SInv)
You are a herbivore.
You cover ground extremely quickly.
You need consume almost no food.


Message History

You hit the kobold demonologist but do no damage.
The kobold demonologist is heavily wounded.
Nakurtum closely misses the ice devil.
The neqoxec gestures.
The ice devil hits you! The ice devil freezes you!
Unknown command.
You barely miss the kobold demonologist.
The kobold demonologist is severely wounded.
The kobold demonologist gestures wildly while chanting.
The kobold demonologist hits you but does no damage.
The ice devil misses you.
Unknown command.
You hit the kobold demonologist but do no damage.
The kobold demonologist is severely wounded.
Nakurtum hits the ice devil but does no damage.
The ice devil hits you!
* * * LOW HITPOINT WARNING * * *
The ice devil freezes you!!
Ouch! That really hurt!
You die...

####################
'..#..'..#__#..5RK5#
#..'..#..'..'..#@43#
##'#####'#__####K45+
#..#...#)#### #####
####..##)#
___##'#..+
∩...'..._#
_._##_.#'#
___###'#.# ###
######.####+###.##


You could see the friendly Nakurtum the ancestor, 2 ice devils, 2 kobold
demonologists, a neqoxec, 2 crimson imps and a white imp.

Vanquished Creatures
  Sonja (D)
  A deep troll (D)
  A slime creature (D)
  Sigmund (D)
  A yak (D)
  An ogre (D)
  A jelly (D)
  Ijyb (D)
8 creatures vanquished.

Vanquished Creatures (collateral kills)
  A giant eyeball (D)
1 creature vanquished.

Grand Total: 9 creatures vanquished

Notes
Turn   | Place    | Note
-------+----------+-------------------------------------------
     0 | D        | Musica the Spriggan Assassin began the quest for the Orb.
     0 | D        | Reached XP level 1. HP: 10/10 MP: 2/2
     3 | D        | Noticed Ijyb
    16 | D        | Killed Ijyb
    16 | D        | Reached skill level 9 in Stealth
    16 | D        | Reached XP level 2. HP: 14/14 MP: 3/3
    29 | D        | Noticed an ogre
    44 | D        | Killed an ogre
    44 | D        | Reached skill level 13 in Stealth
    44 | D        | Reached XP level 3. HP: 18/18 MP: 4/4
    44 | D        | Reached XP level 4. HP: 22/22 MP: 5/5
    72 | D        | Noticed Sigmund
    99 | D        | Killed Sigmund
    99 | D        | Reached skill level 5 in Throwing
    99 | D        | Reached skill level 16 in Stealth
    99 | D        | Reached XP level 5. HP: 16/25 MP: 6/6
    99 | D        | Reached XP level 6. HP: 19/30 MP: 7/7
   132 | D        | Found a deep blue altar of Sif Muna.
   134 | D        | Found a radiant altar of Vehumet.
   177 | D        | Found Qovapp's Assorted Antiques.
   177 | D        | Found a white marble altar of Elyvilon.
   177 | D        | Found a stormy altar of Qazlal.
   177 | D        | Found a burning altar of Makhleb.
   177 | D        | Found a sacrificial altar of Ru.
   177 | D        | Found a hazy altar of Hepliaklqana.
   177 | D        | Found an oddly glowing altar of Pakellas.
   177 | D        | Found a hide-covered altar of Uskayaw.
   177 | D        | Found a basalt altar of Yredelemnul.
   177 | D        | Found a glowing golden altar of the Shining One.
   177 | D        | Found a sparkling altar of Nemelex Xobeh.
   177 | D        | Found a shimmering altar of Xom.
   177 | D        | Found an opulent altar of Gozag.
   177 | D        | Found an ancient bone altar of Kikubaaqudgha.
   177 | D        | Found a glowing silver altar of Zin.
   177 | D        | Noticed a yak
   178 | D        | Found an iron altar of Okawaru.
   179 | D        | Killed a yak
   179 | D        | Reached skill level 5 in Short Blades
   179 | D        | Reached skill level 17 in Stealth
   180 | D        | Found a bloodstained altar of Trog.
   185 | D        | Became a worshipper of Hepliaklqana
   196 | D        | Noticed Sonja
   200 | D        | Killed Sonja
   200 | D        | Reached skill level 20 in Stealth
   200 | D        | Reached XP level 7. HP: 28/33 MP: 8/8
   215 | D        | Noticed a deep troll
   219 | D        | Killed a deep troll
   219 | D        | Reached skill level 22 in Stealth
   219 | D        | Reached XP level 8. HP: 34/37 MP: 9/9
   239 | D        | Found Poyfow's Armour Emporium.
   246 | D        | Bought a +2 cloak of poison resistance for 185 gold pieces
   270 | D        | Found Zada's Magic Scroll Boutique.
   278 | D        | Bought a scroll of enchant armour for 82 gold pieces
   318 | D        | Found a snail-covered altar of Cheibriados.
   318 | D        | Found a viscous altar of Jiyva.
   318 | D        | Found a shadowy altar of Dithmenos.
   318 | D        | Found a blossoming altar of Fedhas.
   318 | D        | Noticed a slime creature
   333 | D        | Killed a slime creature
   383 | D        | Noticed a kobold demonologist
   384 | D        | Noticed a kobold demonologist
   391 | D        | Noticed an ice devil
   395 | D        | Noticed an ice devil
   400 | D        | Demolished by an ice devil

Vault maps used:
D:        dungeon_sprint_1

Skill      XL: |  1  2  3  4  5  6  7  8 |
---------------+-------------------------+-----
Short Blades   | 3 4 6 7 |  7.1
Stealth        | 9 13 16 20 22 | 22.6
Throwing       | 4 5 8 9 |  9.5
Fighting       | |  1.5
Dodging        | |  1.5

Action                   |  1- 3 |  4- 6 |  7- 9 || total
-------------------------+-------+-------+-------++-------
Melee: Dagger            |       |     7 |    16 ||    23
 Fire: Blowgun           |     8 |     6 |     8 ||    22
  Use: Potion            |       |       |     2 ||     2
       Scroll            |       |       |     1 ||     1
 Stab: Sleeping          |       |     3 |     1 ||     4
Armor: Troll leather arm |       |       |     5 ||     5
Dodge: Dodged            |       |     2 |     9 ||    11
